 Dungeon Crawl Stone Soup version 0.29-a0-275-g389c0b56f3 (webtiles) character file.

Game seed: 17606126760051138893

26 Hubjo the Vexing (level 2, 0/21 HPs)
             Began as a Demonspawn Enchanter on Mar 13, 2022.
             Was a Follower of Wu Jian.
             Slain by a hobgoblin (3 damage)
             ... on level 2 of the Dungeon.
             The game lasted 00:01:20 (1186 turns).

Hubjo the Vexing (Demonspawn Enchanter)             Turns: 1186, Time: 00:01:21

Health: 0/21       AC:  2    Str:  8    XL:     2   Next: 89%
Magic:  5/5        EV: 12    Int: 16    God:    Wu Jian [*.....]
Gold:   49         SH:  0    Dex: 13    Spells: 6/6 levels left

rFire   . . .      SeeInvis .   a - +1 dagger
rCold   . . .      Faith    .   (no shield)
rNeg    . . .      Spirit   .   b - +0 robe
rPois   .          Reflect  .   (no helmet)
rElec   .          Harm     .   (no cloak)
rCorr   .          Rampage  .   (no gloves)
Will    .....                   (no boots)
Stlth   ++........              (no amulet)
HPRegen 0.07/turn               f - ring of flight
MPRegen 0.09/turn               (no ring)

@: flying
A: ignite blood 1
a: Renounce Religion


You were on level 2 of the Dungeon.
You worshipped Wu Jian.
Wu Jian was aware of your devotion.
You visited 1 branch of the dungeon, and saw 2 of its levels.

You collected 49 gold pieces.

Inventory:

Hand Weapons
 a - a +1 dagger (weapon)
Armour
 b - a +0 robe (worn)
Jewellery
 f - a ring of flight (left hand)
Scrolls
 d - a scroll of vulnerability {unknown}
 e - 2 scrolls of identify {unknown}
 h - a scroll of fog {unknown}
 i - a scroll of amnesia {unknown}
 j - a scroll of immolation {unknown}
 k - a scroll of teleportation {unknown}
Potions
 c - 4 potions of invisibility
 g - 2 potions of attraction {unknown}


   Skills:
 * Level 1.3 Fighting
 - Level 0.8 Short Blades
 - Level 1.7 Dodging
 + Level 2.9 Stealth
 * Level 2.5 Spellcasting
 + Level 3.1 Hexes


You had 6 spell levels left.
You didn't know any spells.
Your spell library contained the following spells:

 Spells                   Type           Power      Damage    Failure   Level
 Ensorcelled Hibernation  Hex/Ice        14%        N/A       16%         2
 Confusing Touch          Hex            12%        N/A       16%         3
 Tukima's Dance           Hex            12%        N/A       16%         3
 Dazzling Flash           Conj/Hex       14%        N/A       30%         3
 Ozocubu's Armour         Ice            2%         N/A       52%         3
 Ozocubu's Refrigeration  Ice            1%         4d5       100%        7


Dungeon Overview and Level Annotations

Branches:
Dungeon (2/15)

Altars:
Wu Jian


Innate Abilities, Weirdness & Mutations

Your demonic aura sometimes causes spilled blood to erupt in flames.


Message History

You hit the dart slug.
The dart slug is heavily wounded.
The kobold hits you with a +0 whip. The hobgoblin hits you.
You hit the dart slug but do no damage.
The dart slug is heavily wounded.
The dart slug misses you. The kobold attacks as you move away!
The kobold hits you with a +0 whip.
You spin and attack the kobold.
You hit the kobold. Your punch misses the kobold.
The kobold is heavily wounded.
The kobold is engulfed in blazing flames.
You kill the kobold!
The Council accepts your kill.
You spin and attack the endoplasm.
You hit the endoplasm.
The endoplasm is heavily wounded.
You spin and attack the dart slug.
You hit the dart slug but do no damage.
The dart slug is heavily wounded.
The endoplasm freezes you.
You are frozen.
The dart slug launches a dart at you. The slug dart misses you.
You spin and attack the hobgoblin.
You hit the hobgoblin but do no damage.
You spin and attack the goblin.
You barely miss the goblin. The hobgoblin barely misses you.
The goblin hits you with a +0 dagger.
You spin and attack the endoplasm.
You hit the endoplasm.
The endoplasm is almost dead.
The endoplasm misses you.
There is an open door here.
The goblin attacks as you move away! The goblin closely misses you.
The hobgoblin attacks as you move away! The hobgoblin closely misses you.
The hobgoblin attacks as you move away! The hobgoblin hits you.
You lunge at the hobgoblin.
You barely miss the hobgoblin. The hobgoblin hits you.
* * * LOW HITPOINT WARNING * * *
You hit the hobgoblin but do no damage. The hobgoblin hits you.
* * * LOW HITPOINT WARNING * * *
You hit the hobgoblin.
The hobgoblin is heavily wounded.
The hobgoblin hits you.
You die...

##### ... #.# #.#
#.############
#@##.........#
#g##.........#
#J##.........#
#r##.........# #
#g##.........# #.
#w##.........# #..
####'##.........#
#...##...............#
##..................#####


You could see a dart slug, an endoplasm, a hobgoblin, a goblin and a rat.

Vanquished Creatures
  A dart slug (D:1)
  2 ball pythons
  A giant cockroach (D:2)
  5 goblins
  3 hobgoblins (D:1)
  A kobold (D:2)
  A quokka (D:1)
  3 bats
  5 rats
22 creatures vanquished.

Notes
Turn   | Place    | Note
-------+----------+-------------------------------------------
     0 | D:1      | Hubjo the Demonspawn Enchanter began the quest for the Orb.
     0 | D:1      | Reached XP level 1. HP: 13/13 MP: 3/3
   300 | D:1      | Gained mutation: Your demonic aura sometimes causes spilled
                  | blood to erupt in flames. [demonic ancestry]
   300 | D:1      | Reached XP level 2. HP: 20/20 MP: 5/5
   633 | D:1      | Found a faded altar of an unknown god.
   661 | D:1      | Reached skill level 1 in Fighting
   856 | D:1      | Prayed at the altar of an unknown god.
   856 | D:1      | Became a worshipper of the Wu Jian Council
   856 | D:1      | Reached * piety under Wu Jian
  1186 | D:2      | Slain by a hobgoblin

Illustrated notes

Levels and vault maps discovered:
D:1:      dpeg_arrival_houses_and_road, layout_basic,
          ebering_ecumenical_altar_abandoned, minmay_tetromino_o2
D:2:      layout_basic

Skill      XL: |  1  2 |
---------------+-------+-----
Fighting       | 1 |  1.3
Short Blades   | |  0.8
Dodging        | |  1.7
Stealth        | |  2.9
Spellcasting   | |  2.5
Hexes          | |  3.1

Action                   || total
-------------------------++-------
Melee: Dagger            ||    98
       Punch             ||     1
Invok: Whirlwind         ||     8
       Lunge             ||     3
 Stab: Sleeping          ||     2
Armor: Robe              ||    20
Dodge: Dodged            ||    84

Table legend: (Time is in decaauts)
 A = Elapsed time spent in this place.
 B = Non-inter-level travel time spent in this place.
 C = Inter-level travel time spent in this place.
 D = Time resting spent in this place.
 E = Time spent auto-exploring this place.
 F = Levels seen in this place.
 G = Mean time per level.
                   A        B        C        D        E       F      G
               +--------+--------+--------+--------+--------+-----+--------+
         Total |   1181 |   1130 |     51 |      0 |    928 |   2 |  590.5 |
       Dungeon |   1181 |   1130 |     51 |      0 |    928 |   2 |  590.5 |
               +--------+--------+--------+--------+--------+-----+--------+

Top non-repeatable levels by time:
     D:1: 895 daAuts
     D:2: 286 daAuts
